cohdb
Replays
Latest Replays
All Replays
Popular Replays
Top Player Replays
Match Explorer
How It Works
Community
CoH3 Stats
Reddit
Sign in to upload your games and track your stats! →
Sign in with Steam
Match 44879521
Unlisted
Match 44879521
Overview
Messages
Build Orders
End
Vickers Machine Gun Team
Construct Section Command Post
Infantry Section
ML 3-inch Mortar Team
Infantry Section
Construct Platoon Command Post
Humber Armored Car
Royal Engineer Section
6-pounder Anti-tank Gun Team
Selects Heavy Armor Battlegroup
Selects Light Vehicle Withdraw and Refit
Selects UNKNOWN (202330)
Selects Rigorous Vehicle Training
Selects Forward Repair Assembly
Selects UNKNOWN (2162094)
Construct Company Command Post
Infantry Section
Grenade Package
Foot Guards Section
Hatchet
thecolonel90
Mølle
Phantom
Angry Android
MrStealYourHitler
Soldier6432
YangXYZ
0
0
Comments
sign in to comment!
No comments posted yet!